 Dungeon Crawl Stone Soup version 0.30.1-9-gdf580d7c3d (webtiles) character file.

Game seed: 4632018518606921110

30 H0rd4k the Charlatan (level 3, 0/26 HPs)
             Began as a Human Artificer on Oct 9, 2023.
             Constricted to death by a ball python (1 damage)
             ... on level 2 of the Dungeon.
             The game lasted 00:01:45 (1066 turns).

H0rd4k the Charlatan (Human Artificer)              Turns: 1066, Time: 00:01:46

Health: 0/26       AC:  3    Str: 12    XL:     3   Next: 35%
Magic:  3/3        EV:  8    Int: 13    God:
Gold:   66         SH:  0    Dex: 13    Spells: 2/2 levels left

rFire   . . .        a - +0 club
rCold   . . .        (no shield)
rNeg    . . .        b - +0 leather armour
rPois   .            (no helmet)
rElec   .            (no cloak)
rCorr   .            (no gloves)
SInv    .            (no boots)
Will    .....        f - amulet of magic regeneration
Stlth   +            (no ring)
HPRegen 0.24/turn    (no ring)
MPRegen 0.48/turn

%: no passive effects
@: lethally poisoned (0 -> -1), constricted
A: no striking features
a: no special abilities


You were on level 2 of the Dungeon.
You visited 1 branch of the dungeon, and saw 2 of its levels.

You collected 66 gold pieces.

Inventory:

Hand Weapons
 a - a +0 club (weapon)
Armour
 b - a +0 leather armour (worn)
Jewellery
 f - an amulet of magic regeneration (around neck)
Wands
 c - a wand of flame (11) (quivered)
 d - a wand of charming (15)
 e - a wand of iceblast (4)
Scrolls
 h - a scroll of identify {unknown}
 j - a scroll of immolation {unknown}
 k - a scroll of fear {unknown}
 l - a scroll of summoning {unknown}
Potions
 g - a potion of cancellation {unknown}
 i - a potion of attraction {unknown}
 m - a potion of invisibility {unknown}


   Skills:
 + Level 1.3 Fighting
 + Level 0.8 Maces & Flails
 - Level 2.0 Armour
 + Level 1.5 Dodging
 - Level 1.0 Stealth
 + Level 3.6 Evocations


You had 2 spell levels left.
You didn't know any spells.
Your spell library was empty.

Dungeon Overview and Level Annotations

Branches:
Dungeon (2/15)

Altars:

Shops:
D:1 (


Message History

The adder bites you.
You are poisoned.
The adder poisons you!
A ball python comes into view.
The adder bites you.
You completely miss the adder.
The adder is almost dead.
You feel sick. The adder bites you.
You miss the adder.
The adder is almost dead.
You feel sick.
The ball python hisses angrily.
The adder barely misses you. The adder completely misses you.
You closely miss the adder.
The adder is almost dead.
You feel sick. The adder barely misses you. The adder bites you.
You are more poisoned.
The adder poisons you!
You hit the adder.
You kill the adder!
You feel very sick. The ball python bites you. The ball python grabs you.
The ball python constricts you.
You barely miss the ball python.
* * * LOW HITPOINT WARNING * * *
You feel sick. The ball python barely misses you.
The ball python constricts you.
You barely miss the ball python.
You feel sick.
The ball python bites you but does no damage.
The ball python constricts you.
You barely miss the ball python.
You feel sick. The ball python bites you.
* * * LOW HITPOINT WARNING * * *
The ball python constricts you. The ball python bites you.
* * * LOW HITPOINT WARNING * * *
The ball python constricts you.
You completely miss the ball python.
* * * LOW HITPOINT WARNING * * *
You feel sick. The ball python barely misses you.
The ball python constricts you.
You die...

... #.# .. .... #.#
... .....
###.##.#### .....
##..........
....##...........
#...).........
##.............
####..............
#.@S.#............
##.####.w..........
##..#
###...........
#..####.........$..
#....††.##########
#########


You could see a ball python.

Vanquished Creatures
  An adder (D:2)
  A worm (D:2)
  2 dart slugs (D:1)
  An endoplasm (D:1)
  A giant cockroach (D:1)
  2 goblins (D:1)
  2 kobolds (D:1)
  2 ball pythons (D:1)
  2 bats
  A frilled lizard (D:1)
  A rat (D:1)
16 creatures vanquished.

Notes
Turn   | Place    | Note
-------+----------+-------------------------------------------
     0 | D:1      | H0rd4k the Human Artificer began the quest for the Orb.
     0 | D:1      | Reached XP level 1. HP: 15/15 MP: 1/1
    99 | D:1      | Found Xoonyggu's Weapon Shoppe.
   280 | D:1      | Reached XP level 2. HP: 15/21 MP: 2/2
  1050 | D:2      | Reached XP level 3. HP: 26/26 MP: 3/3
  1066 | D:2      | HP: 1/26 [poisoned by an adder]
  1066 | D:2      | Constricted to death by a ball python

Illustrated notes

Levels and vault maps discovered:
D:1:      elethiomel_arrival_infinity_welcomes_careful_drivers, layout_basic,
          serial_forest, infiniplex_forest_zigzag_1,
          infiniplex_forest_clump_cross, infiniplex_forest_straight_2,
          infiniplex_forest_lined_2, infiniplex_forest_clump_C,
          infiniplex_forest_straight_5, infiniplex_forest_straight_3,
          serial_shops, nicolae_shop_window_shopping
D:2:      minmay_chambers_of_ones, layout_rooms, ebering_ecumenical_altar_webs,
          kennysheep_path_1, minmay_misc_feat_plants, uniq_robin

Action                     || total
---------------------------++-------
  Melee: Club              ||    62
  Evoke: Wand              ||     5
   Stab: Sleeping          ||     3
 Armour: Leather armour    ||    19
  Dodge: Dodged            ||    52
